 Dungeon Crawl Stone Soup version 0.29-a0-90-gc37658a0fe (webtiles) character file.

Game seed: 14501094560992647384

95 Mimshu the Insei (level 4, 0/29 HPs)
             Began as an Octopode Transmuter on Feb 6, 2022.
             Succumbed to an adder's poison
             ... on level 3 of the Dungeon.
             The game lasted 00:07:08 (2511 turns).

Mimshu the Insei (Octopode Transmuter)              Turns: 2511, Time: 00:07:08

Health: 0/29       AC:  1    Str: 11    XL:     4   Next: 66%
Magic:  7/8        EV: 13    Int: 15    God:
Gold:   123        SH:  0    Dex: 12    Spells: 4/8 levels left

rFire   . . .      SeeInvis .   a - +0 dagger
rCold   . . .      Faith    .   (no shield)
rNeg    . . .      Spirit   .   (helmet currently unavailable)
rPois   .          Reflect  .   (no amulet)
rElec   .          Harm     .   (no ring)
rCorr   .          Rampage  .   (no ring)
Will    .....                   (no ring)
Stlth   +++.......              (no ring)
HPRegen 0.09/turn               (no ring)
MPRegen 0.11/turn               (no ring)
                                (no ring)
                                (no ring)

@: lethally poisoned (0 -> -1), appendages (expiring)
A: tentacle spike 3, almost no armour, amphibious, 8 rings, camouflage 1,
gelatinous body 1, (nimble swimmer 1), tentacles
a: End Transformation


You were on level 3 of the Dungeon.
One of your tentacles had grown a beastly spike.
You visited 1 branch of the dungeon, and saw 3 of its levels.

You collected 123 gold pieces.

Inventory:

Hand Weapons
 a - a +0 dagger (weapon)
Missiles
 e - 78 stones
 f - 3 silver javelins
Wands
 i - a wand of polymorph (12)
Scrolls
 b - 6 scrolls of identify {unknown}
 g - a scroll of vulnerability {unknown}
 h - a scroll of amnesia {unknown}
 j - a scroll of enchant weapon {unknown}
 l - a scroll of noise {unknown}
 n - a scroll of fog {unknown}
 p - a scroll of enchant armour {unknown}
Potions
 c - 2 potions of curing {unknown}
 d - a potion of attraction {unknown}
 k - 2 potions of flight {unknown}
 m - a potion of brilliance {unknown}
 o - a potion of resistance {unknown}


   Skills:
 * Level 1.7 Fighting
 + Level 0.6 Short Blades
 + Level 2.2 Dodging
 + Level 1.6 Stealth
 + Level 3.4 Unarmed Combat
 * Level 2.6 Spellcasting
 * Level 2.6 Transmutations
 * Level 1.1 Poison Magic


You had 4 spell levels left.
You knew the following spells:

 Your Spells              Type           Power      Damage    Failure   Level
a - Beastly Appendage     Tmut           18%        N/A       7%          1
b - Spider Form           Tmut/Pois      7%         N/A       28%         3

Your spell library contained the following spells:

 Spells                   Type           Power      Damage    Failure   Level
 Wereblood                Tmut           9%         N/A       11%         2
 Freeze                   Ice            4%         1d3       22%         1
 Magic Dart               Conj           4%         1d3       22%         1
 Searing Ray              Conj           2%         2d4       32%         2
 Sublimation of Blood     Necr           1%         N/A       32%         2
 Call Canine Familiar     Summ           1%         N/A       54%         3
 Frozen Ramparts          Ice            2%         1d2       54%         3
 Portal Projectile        Hex/Tloc       2%         N/A       54%         3
 Ice Form                 Ice/Tmut       5%         N/A       77%         4
 Fulminant Prism          Conj/Hex       0%         3d6       91%         4
 Hailstorm                Conj/Ice       1%         3d3       91%         4
 Leda's Liquefaction      Hex/Erth       0%         N/A       91%         4
 Summon Hydra             Summ           0%         N/A       100%        7


Dungeon Overview and Level Annotations

Branches:
Dungeon (3/15)

Altars:


Innate Abilities, Weirdness & Mutations

One of your tentacles has grown a beastly spike.
You cannot wear most types of armour.
You are amphibious.
You can wear up to eight rings at the same time.
Your skin changes colour to match your surroundings (Stealth+).
Your rubbery body absorbs attacks. (AC +1, EV +1)
((You are camouflaged when in or above water. (Stealth+)))
You have tentacles for arms and can constrict up to eight enemies at once.


Message History

You release your grip on the worm.
There are monsters nearby!
One of your tentacles grows a vicious spike.
You closely miss the adder. Your grab misses the adder.
You pierce the adder.
The adder is heavily wounded.
The adder bites you.
You miss the adder. Your grab misses the adder.
The adder is heavily wounded.
The adder closely misses you.
You hit the adder. You grab the adder.
You pierce the adder.
You squeeze the adder.
You kill the adder!
The adder bites you.
You are poisoned.
The adder poisons you!
You barely miss the adder. You grab the adder.
Your tentacle-slap misses the adder.
You squeeze the adder.
The adder is heavily wounded.
You constrict the adder.
You feel sick. The adder bites you.
You are lethally poisoned!
The adder poisons you!
You release your grip on the adder.
You feel very sick.
* * * LOW HITPOINT WARNING * * *
You feel sick. The adder completely misses you.
Your transformation is almost over.
* * * LOW HITPOINT WARNING * * *
You feel sick. The adder barely misses you.
* * * LOW HITPOINT WARNING * * *
You feel sick.
* * * LOW HITPOINT WARNING * * *
You feel sick. The adder misses you.
* * * LOW HITPOINT WARNING * * *
You feel sick.
* * * LOW HITPOINT WARNING * * *
You feel sick. The adder barely misses you.
You see here a rat skeleton.
* * * LOW HITPOINT WARNING * * *
You feel sick.
You die...

#.###.#.######### ####.####
##.#.# #.## #..#÷#### #..#
#.#.....# ##.# #.##.#..##.#
#.#
#.......##<############.#####
####.....................<.>.
###.###.#...≈≈###########.
#.###.#@.≈≈≈# #..
#.........#≈#######≈###.
######.SS≈≈≈#≈≈≈SS≈≈≈###
#...≈#≈#≈##### #..
#..≈≈≈≈#w≈≈≈≈# ###
#...≈#≈#S#w#≈≈≈≈ ##..≈#≈#≈#S#
## #...#≈w≈# ≈
#...##############


You could see a worm and 2 adders.

Vanquished Creatures
  6 adders
  An ufetubus (D:3)
  A worm (D:2)
  4 ball pythons
  A giant cockroach (D:1)
  4 goblins
  5 hobgoblins
  4 quokkas
  5 bats
  A kobold (D:3)
  4 rats
36 creatures vanquished.

Vanquished Creatures (others)
  A plant (D:1)
1 creature vanquished.

Grand Total: 37 creatures vanquished

Notes
Turn   | Place    | Note
-------+----------+-------------------------------------------
     0 | D:1      | Mimshu the Octopode Transmuter began the quest for the Orb.
     0 | D:1      | Reached XP level 1. HP: 13/13 MP: 3/3
   260 | D:1      | Reached XP level 2. HP: 14/18 MP: 3/5
   907 | D:2      | Found a faded altar of an unknown god.
  1081 | D:2      | Reached XP level 3. HP: 23/23 MP: 4/6
  1090 | D:2      | Reached skill level 1 in Stealth
  1452 | D:2      | Learned a level 3 spell: Spider Form
  1711 | D:3      | Reached XP level 4. HP: 28/28 MP: 5/7
  1983 | D:3      | Reached skill level 1 in Poison Magic
  2509 | D:3      | HP: 1/29 [poisoned by an adder]
  2511 | D:3      | Succumbed to an adder's poison

Illustrated notes

Levels and vault maps discovered:
D:1:      lightli_arrival_statuegarden, layout_basic, hangedman_decor_growths
D:2:      layout_basic, basic_ecumenical_altar, minmay_strange_pillars
D:3:      layout_loops_cross, lightli_sewer_entry_pipes

Skill      XL: |  1  2  3  4 |
---------------+-------------+-----
Stealth        | 1 |  1.6
Poison Magic   | 1 |  1.1
Fighting       | |  1.7
Short Blades   | |  0.6
Dodging        | |  2.2
Unarmed Combat | |  3.4
Spellcasting   | |  2.6
Transmutations | |  2.6

Action                   |  1- 3 |  4- 6 || total
-------------------------+-------+-------++-------
Melee: Dagger            |    55 |    23 ||    78
       Constrict         |    23 |     9 ||    32
       Tentacles         |    14 |     5 ||    19
       Unarmed           |     5 |       ||     5
       Kick              |     8 |     4 ||    12
       Punch             |     3 |       ||     3
 Cast: Beastly Appendage |    15 |     4 ||    19
 Stab: Sleeping          |     7 |     1 ||     8
Armor: Skin              |     2 |     1 ||     3
Dodge: Dodged            |    55 |    19 ||    74

Table legend: (Time is in decaauts)
 A = Elapsed time spent in this place.
 B = Non-inter-level travel time spent in this place.
 C = Inter-level travel time spent in this place.
 D = Time resting spent in this place.
 E = Time spent auto-exploring this place.
 F = Levels seen in this place.
 G = Mean time per level.
                   A        B        C        D        E       F      G
               +--------+--------+--------+--------+--------+-----+--------+
         Total |   2509 |   2509 |      0 |    583 |   1380 |   3 |  836.3 |
       Dungeon |   2509 |   2509 |      0 |    583 |   1380 |   3 |  836.3 |
               +--------+--------+--------+--------+--------+-----+--------+

Top non-repeatable levels by time:
     D:3: 978 daAuts
     D:1: 855 daAuts
     D:2: 675 daAuts
